 Dungeon Crawl Stone Soup version 0.31-a0-187-gba352fbbf7 (webtiles) character file.

Game seed: 12234888215248840794

556 qw the Skirmisher (level 7, -1/40 HPs)
             Began as a Deep Elf Hunter on June 22, 2023.
             Slain by a lemure (6 damage)
             ... led by Pikel
             ... on level 4 of the Dungeon.
             The game lasted 00:01:31 (3752 turns).

qw the Skirmisher (Deep Elf Hunter)                 Turns: 3752, Time: 00:01:31

Health: -1/40      AC:  7    Str: 10    XL:     7   Next: 8%
Magic:  0/9        EV: 11    Int: 14    God:
Gold:   202        SH:  0    Dex: 18    Spells: 6/6 levels left

rFire   . . .        Y - +1 shortbow (freeze)
rCold   + . .        (shield currently unavailable)
rNeg    . . .        k - +0 ring mail
rPois   +            c - +1 helmet
rElec   .            (no cloak)
rCorr   .            (no gloves)
SInv    .            (no boots)
Will    .....        m - amulet of guardian spirit
Stlth   +            a - ring of protection from cold
HPRegen 0.26/turn    g - ring of poison resistance
MPRegen 0.11/turn

%: guardian spirit
@: no status effects
A: no striking features
a: no special abilities


You were on level 4 of the Dungeon.
You visited 1 branch of the dungeon, and saw 5 of its levels.

You collected 202 gold pieces.


   Skills:
 - Level 2.2 Fighting
 + Level 10.3 Ranged Weapons
 - Level 1.6 Armour
 - Level 3.0 Dodging
 - Level 1.2 Stealth


You had 6 spell levels left.
You didn't know any spells.
Your spell library was empty.

Inventory:

Hand Weapons
 Y - a +1 shortbow of freezing (weapon)
Armour
 c - a +1 helmet (worn)
 k - a +0 ring mail (worn)
Jewellery
 a - a ring of protection from cold (left hand)
 g - a ring of poison resistance (right hand)
 m - an amulet of guardian spirit (around neck)
Scrolls
 b - a scroll of identify
Potions
 d - a potion of might
 j - a potion of enlightenment {unknown}
 l - a potion of degeneration {unknown}

Dungeon Overview and Level Annotations

Branches:
Dungeon (5/15)
 Temple: D:4-7

Altars:
Elyvilon

Shops:
D:2 :

Annotations:
D:5 Pikel


Message History

You shoot an arrow. The arrow hits the orc wizard.
The arrow freezes the orc wizard.
The orc wizard is heavily wounded.
The orc wizard hits you but does no damage.
The lemure closely misses you. x2; The orc completely misses you.
You shoot an arrow.
The arrow completely misses the orc wizard.
The orc wizard hits you but does no damage.
The lemure barely misses you. x2; The orc completely misses you.
You shoot an arrow. The arrow hits the orc wizard.
The arrow freezes the orc wizard.
You kill the orc wizard!
The lemure barely misses you. The lemure hits you.
The orc hits you with a +0 club.
You shoot an arrow. The arrow hits the lemure.
The arrow freezes the lemure.
The lemure is lightly wounded.
The lemure hits you. The lemure hits you but does no damage.
The orc closely misses you.
You shoot an arrow. The arrow hits the lemure.
The arrow freezes the lemure.
The lemure is moderately wounded.
The lemure completely misses you. The lemure barely misses you.
The orc barely misses you.
You shoot an arrow. The arrow barely misses the lemure.
The lemure completely misses you. The lemure hits you.
The orc barely misses you.
You shoot an arrow. The arrow hits the lemure.
The arrow freezes the lemure.
The lemure is heavily wounded.
The lemure closely misses you. The lemure hits you.
The orc hits you with a +0 club.
You shoot an arrow. The arrow closely misses the lemure.
The lemure hits you but does no damage. The lemure hits you!
The orc closely misses you.
You shoot an arrow. The arrow hits the lemure!
The arrow freezes the lemure.
You kill the lemure!
That felt strangely unrewarding.
The lemure hits you! The orc hits you but does no damage.
The lemure barely misses you. The orc hits you with a +0 club.
You shoot an arrow. The arrow barely misses the lemure.
The lemure hits you!
You die...

### #.# #.# #.# #.# ### #.#
#.. #.#############..
###########.##.)...##...#..
#......!.o@)...............
#########5.%.....[.##......
#....#...####......
####....#...####......
##.......#............)
#.....................)
##.......#..#.....####)
#.......+.........###.
#.......#.##..........


You could see a lemure and an orc.

Vanquished Creatures
  Sigmund (D:2)
  A lemure (D:4)
  A scorpion (D:5)
  A hound (D:4)
  2 orc priests (D:4)
  2 iguanas
  3 orc wizards (D:4)
  A gnoll (D:1)
  2 adders (D:4)
  2 worms (D:3)
  A dart slug (D:1)
  13 orcs
  7 ball pythons
  5 endoplasms
  3 giant cockroaches
  12 goblins
  8 hobgoblins
  8 jackals
  A quokka (D:3)
  4 bats
  3 frilled lizards
  2 kobolds
  2 rats
  A spectral kobold (D:1)
86 creatures vanquished.

Notes
Turn   | Place    | Note
-------+----------+-------------------------------------------
     0 | D:1      | qw the Deep Elf Hunter began the quest for the Orb.
     0 | D:1      | Reached XP level 1. HP: 12/12 MP: 3/3
     0 | D:1      | 0 ||| qw: Version: 0.3-a-9-g12657ce
     0 | D:1      | 0 ||| qw: Game counter: 2639
     0 | D:1      | 0 ||| qw: Always use a shield: true
     0 | D:1      | 0 ||| qw: God list: Okawaru
     0 | D:1      | 0 ||| qw: Allow faded altars: false
     0 | D:1      | 0 ||| qw: Do Orc after D:15 true
     0 | D:1      | 0 ||| qw: Do second Lair branch before Depths: true
     0 | D:1      | 0 ||| qw: Lair rune preference: random
     0 | D:1      | 0 ||| qw: Plans: Normal
     0 | D:1      | 0 ||| PLANNING D:1-11
   166 | D:1      | Reached XP level 2. HP: 16/16 MP: 4/4
   197 | D:1      | Reached skill level 6 in Ranged Weapons
   388 | D:1      | Found a faded altar of an unknown god.
   703 | D:1      | Reached XP level 3. HP: 20/20 MP: 5/5
   829 | D:1      | 829 ||| UPGRADING to +0 scale mail.
   839 | D:1      | 839 ||| DROPPING +0 leather armour.
   840 | D:1      | 840 ||| UPGRADING to +0 ring mail.
   850 | D:1      | 850 ||| DROPPING +0 scale mail.
   851 | D:1      | 851 ||| UPGRADING to amulet of guardian spirit.
   856 | D:1      | 856 ||| READING scroll labelled CIETYALOARAF.
   857 | D:1      | 857 ||| READING 2 scrolls labelled ELUCAG BIULOUT.
   858 | D:1      | 858 ||| READING scroll labelled LUVEINORHY.
   859 | D:1      | 859 ||| DROPPING scroll of butterflies.
   860 | D:1      | 860 ||| DROPPING scroll of noise.
   922 | D:2      | Identified the +1 robe "Puleigem" {-Tele rC+ Int+2}
   998 | D:2      | Identified the +6 falchion of Egomania {drain, +Blink
                  | Str+3}
  1145 | D:2      | Reached skill level 7 in Ranged Weapons
  1148 | D:2      | Found Duffoudd's Book Shop.
  1560 | D:2      | Noticed Sigmund
  1568 | D:2      | Killed Sigmund
  1569 | D:2      | Reached skill level 9 in Ranged Weapons
  1569 | D:2      | Reached XP level 4. HP: 18/25 MP: 3/6
  1569 | D:2      | Reached XP level 5. HP: 21/29 MP: 3/7
  1686 | D:2      | 1686 ||| DROPPING +1 robe "Puleigem" {-Tele rC+ Int+2}.
  1687 | D:2      | 1687 ||| UPGRADING to +0 helmet.
  1692 | D:2      | 1692 ||| READING 3 scrolls labelled EDWY LOTAUHO.
  1693 | D:2      | 1693 ||| READING scroll labelled AROLO VAPIUCRI.
  1694 | D:2      | 1694 ||| READING scroll labelled RINNAXA GYPN.
  1697 | D:2      | 1697 ||| READING scroll labelled KEORASM AMARIN.
  1698 | D:2      | 1698 ||| READING scroll labelled INOONGEREW.
  1699 | D:2      | 1699 ||| READING 2 scrolls of identify.
  1699 | D:2      | 1699 ||| IDENTIFYING inky potion
  1700 | D:2      | 1700 ||| DROPPING 2 potions of brilliance.
  1702 | D:2      | 1702 ||| Stepping ~*~*~tactically~*~*~ (cloud).
  1708 | D:2      | HP: 7/29 [poisoned by you (poison gas)]
  2277 | D:3      | Found a white marble altar of Elyvilon.
  2657 | D:3      | 2657 ||| UPGRADING to ring of protection from cold.
  2658 | D:3      | 2658 ||| READING scroll labelled NICVASCHUCIR.
  2659 | D:3      | 2659 ||| READING scroll labelled ZEZUXA VIFAST.
  2660 | D:3      | 2660 ||| READING scroll labelled PAPUES DOGRAIGH.
  2661 | D:3      | 2661 ||| READING scroll labelled WUODUN ZITEDUI.
  2662 | D:3      | 2662 ||| DRINKING 2 amethyst potions.
  2663 | D:3      | 2663 ||| DROPPING potion of invisibility.
  2764 | D:4      | Reached XP level 6. HP: 30/35 MP: 6/8
  2958 | D:4      | 2958 ||| READING scroll of enchant armour.
  2958 | D:4      | 2958 ||| ENCHANTING +0 helmet.
  3055 | D:4      | 3055 ||| UPGRADING to ring of poison resistance.
  3119 | D:4      | Reached skill level 10 in Ranged Weapons
  3205 | D:4      | HP: 5/35 [orc wizard/puff of flame (9)]
  3206 | D:4      | 3206 ||| READING scroll of teleportation.
  3207 | D:4      | 3207 ||| DRINKING potion of heal wounds.
  3285 | D:4      | Reached skill level 3 in Dodging
  3640 | D:4      | 3640 ||| READING 2 scrolls of identify.
  3640 | D:4      | 3640 ||| IDENTIFYING ruby potion
  3641 | D:4      | 3641 ||| DROPPING potion of berserk rage.
  3646 | D:5      | Entered Level 5 of the Dungeon
  3654 | D:5      | Reached skill level 1 in Armour
  3654 | D:5      | 3654 ||| STAIRDANCE
  3660 | D:4      | Reached XP level 7. HP: 20/40 MP: 4/9
  3739 | D:5      | 3739 ||| STAIRDANCE
  3739 | D:5      | Noticed Pikel
  3751 | D:4      | HP: 7/40 [lemure[Pikel] (6)]
  3752 | D:4      | Slain by a lemure

Levels and vault maps discovered:
D:1:      tarquinn_simple_flora_water_f, layout_basic,
          dreamdust_ecumenical_altar_drowned_temple
D:2:      cheibrodos_greedy_goblins, layout_basic, serial_shops, shop,
          uniq_sigmund
D:3:      layout_loops_ring, nicolae_elyvilon_temple_path,
          dreamdust_mushroom_princess, st_stairs_6, serial_park_tiny_pond,
          minmay_misc_feat_alley
D:4:      layout_basic, abandoned_shop, kennysheep_cross_room
D:5:      layout_loops_ring, zin_angel, kb_xom_exploding_sheep,
          minmay_temple_entry_antechambers, uniq_pikel

Skill      XL: |  1  2  3  4  5  6 |
---------------+-------------------+-----
Ranged Weapons | 6 9 10 | 10.3
Fighting       | 2 |  2.2
Dodging        | 3 |  3.0
Armour         | 1 |  1.6
Stealth        | |  1.2

Action                     |  1- 3 |  4- 6 |  7- 9 || total
---------------------------+-------+-------+-------++-------
   Fire: Shortbow          |   114 |   175 |    14 ||   303
    Use: Scroll            |     3 |    13 |       ||    16
         Potion            |       |     2 |       ||     2
 Armour: Leather armour    |     3 |       |       ||     3
         Ring mail         |    16 |    43 |     9 ||    68
  Dodge: Dodged            |    14 |    56 |    25 ||    95

Table legend:
 A = Non-vault XP
 B = Vault XP
 C = Vault XP percentage of total XP
 D = Non-vault monster count
 E = Vault monster count
 F = Vault count percentage of total count
                 A         B        C        D         E       F
            +---------+---------+-------+---------+---------+-------
      Total |     562 |     233 |  29.3 |      75 |      10 |  11.8
            +---------+---------+-------+---------+---------+-------
        D:1 |      40 |       1 |   2.4 |      14 |       1 |   6.7
        D:2 |      33 |     227 |  87.3 |      21 |       8 |  27.6
        D:3 |      61 |       5 |   7.6 |      11 |       1 |   8.3
        D:4 |     345 |       0 |   0.0 |      28 |       0 |   0.0
        D:5 |      83 |       0 |   0.0 |       1 |       0 |   0.0
            +---------+---------+-------+---------+---------+-------
